 Dungeon Crawl Stone Soup version 0.23.2-40-g277498a001 (webtiles) character file.

Game seed: 235508516384449821

1053432 Exodus22XD the Champion of Chaos (level 27, 0/265 HPs)
             Began as a Deep Dwarf Fighter on July 4, 2019.
             Was the Champion of Makhleb.
             Slain by a large abomination (7 damage)
             ... summoned by Mnoleg
             ... in Pandemonium on Aug 20, 2019.
             The game lasted 07:59:39 (56590 turns).

Exodus22XD the Champion of Chaos (DDFi)            Turns: 56590, Time: 07:59:40

Health: 0/265      AC: 38    Str: 33    XL:     27
Magic:  1/1        EV: 14    Int: -2 (4) God:    Makhleb [******]
Gold:   7553       SH:  0    Dex: 11    Spells: 31/31 levels left

rFire    + + .     SeeInvis .   D - +8 frozen axe "Frostbite" {freezing cloud, *Noise +Fly rC+}
rCold    + + +     Gourm    .   (shield currently unavailable)
rNeg     + + .     Faith    .   A - +9 gold dragon scales
rPois    +         Spirit   .   (no helmet)
rElec    .         Reflect  .   P - scarf {rC+ rF+}
rCorr    .         Harm     +   i - +2 pair of gloves {Str+3}
MR       ++++.     Rnd*Tele +   t - +2 pair of boots {run}
Stlth    ..........             o - amulet of Yremoc Miot {Harm *Drain rC++}
HPRegen  0.00/turn              F - +6 ring of slaying
MPRegen  0.07/turn              S - ring "Ahuoschoy" {+Blink +Fly rN+ Int-4 Dex+3}

@: corroded, non-regenerating, slowed, lost intelligence, constricted, very slow
A: damage resistance, heal wounds, iridescent scales 1, rugged brown scales 1,
clumsy 2, dopey 2, frail 1, low mp 2, negative energy resistance 1, sense
surroundings 3, teleportitis 1, evolution 1, sturdy frame 1, no regeneration
}: 11/15 runes: serpentine, barnacled, slimy, silver, iron, obsidian, icy, bone,
abyssal, demonic, dark
a: Heal Wounds, Minor Destruction, Lesser Servant of Makhleb, Major Destruction,
Greater Servant of Makhleb, Renounce Religion, Evoke Blink, Evoke Flight


You were in Pandemonium.
You worshipped Makhleb.
Makhleb was exalted by your worship.
You were not hungry.

You visited 15 branches of the dungeon, and saw 79 of its levels.
You visited Pandemonium 1 time, and saw 8 of its levels.
You visited the Abyss 1 time.
You visited 1 bazaar.
You also visited: Gauntlet, Ice Cave and Wizlab.

You collected 10436 gold pieces.
You spent 2883 gold pieces at shops.

Inventory:

Hand Weapons
 D - the +8 frozen axe "Frostbite" (weapon) {freezing cloud, *Noise +Fly rC+}
   (You found it on level 5 of the Pits of Slime)

   It has been specially enchanted to freeze those struck by it, causing extra
   injury to most foes and up to half again as much damage against particularly
   susceptible opponents.
   It can also slow down cold-blooded creatures.
   It protects you from cold.
   It lets you fly.
   It may make noises in combat.
 M - the +3 Elemental Staff {rElec rF++ rC++ MR++ AC+5}
   (You found it on level 2 of the Depths)

   It affects your AC (+5).
   It greatly protects you from fire.
   It greatly protects you from cold.
   It insulates you from electricity.
   It affects your resistance to hostile enchantments.
 O - the +8 war axe of Tiveagis {chop, Str+4}
   (You found it on level 8 of the Dungeon)

   It inflicts extra damage upon your enemies.
   It affects your strength (+4).
 V - the +7 sceptre of Asmodeus
   (You took it off Asmodeus on level 7 of Gehenna)
Armour
 c - a +0 shield of protection
 i - a +2 pair of gloves of strength (worn)
 t - a +2 pair of boots of running (worn)
 x - a scarf of repulsion
 A - +9 gold dragon scales (worn)
 P - a scarf of resistance (worn)
Jewellery
 o - the amulet of Yremoc Miot (around neck) {Harm *Drain rC++}
   (You acquired it in Pandemonium)

   [amulet of harm]

   It increases damage dealt and taken.
   It greatly protects you from cold.
   It causes draining when unequipped.
 F - a +6 ring of slaying (left hand)
 G - the amulet "Dimoesaz" {RegenMP -Tele rPois Dex+6 SInv}
   (You took it off a merfolk on level 4 of the Shoals)

   [amulet of magic regeneration]

   It increases your magic regeneration.
   It affects your dexterity (+6).
   It protects you from poison.
   It lets you see invisible.
   It prevents most forms of teleportation.
 H - the ring "Didad" {rElec rC- MR+ Stlth-}
   (You found it on level 1 of the Depths)

   [ring of attention]

   It makes you vulnerable to cold.
   It insulates you from electricity.
   It affects your resistance to hostile enchantments.
   It makes you less stealthy.
 S - the ring "Ahuoschoy" (right hand) {+Blink +Fly rN+ Int-4 Dex+3}
   (You found it on level 1 of the Depths)

   [ring of flight]

   It affects your intelligence (-4).
   It affects your dexterity (+3).
   It protects you from negative energy.
   It lets you fly.
   It lets you blink.
Wands
 m - a wand of iceblast (83)
 p - a wand of acid (40)
 v - a wand of clouds (27)
 I - a wand of scattershot (29)
 Q - a wand of paralysis (23)
 U - a wand of digging (6)
 W - a wand of flame (116)
 X - a wand of disintegration (95)
Scrolls
 a - 3 scrolls of vulnerability
 b - 10 scrolls of immolation
 g - a scroll of holy word
 k - 22 scrolls of remove curse
 l - a scroll of blinking
 n - 8 scrolls of fear
 r - 4 scrolls of brand weapon
 u - 17 scrolls of teleportation
 y - 3 scrolls of torment
 E - a scroll of magic mapping
 Z - 2 scrolls of fog
Potions
 d - 3 potions of might
 e - 4 potions of mutation
 h - 15 potions of lignification
 j - a potion of agility
 q - 2 potions of ambrosia
 s - a potion of brilliance
 w - 2 potions of flight
 z - 4 potions of berserk rage
 B - 19 potions of curing
 C - a potion of haste
 L - 2 potions of cancellation
 N - 3 potions of heal wounds
 T - 5 potions of resistance
Miscellaneous
 K - the horn of Geryon
 R - a lamp of fire
 Y - a phial of floods
Comestibles
 f - 90 rations


   Skills:
 + Level 24.0 Fighting
 O Level 27 Axes
   Level 2.1(17.5) Maces & Flails
 + Level 20.4 Armour
 * Level 19.9 Dodging
 - Level 2.2 Stealth
 - Level 26.0 Shields
 - Level 2.6 Spellcasting
 O Level 27 Invocations
 - Level 21.0 Evocations


You had 31 spell levels left.
You didn't know any spells.
Your spell library contained the following spells:

 Spells                   Type           Power        Failure   Level  Hunger
 Animate Skeleton         Necr           N/A          97%         1    ##.....
 Apportation              Tloc           #.....       97%         1    ##.....
 Beastly Appendage        Tmut           #.....       97%         1    ##.....
 Confusing Touch          Hex            #.....       97%         1    ##.....
 Corona                   Hex            #......      97%         1    ##.....
 Flame Tongue             Conj/Fire      #....        97%         1    ##.....
 Freeze                   Ice            #...         97%         1    ##.....
 Infusion                 Chrm           #...         97%         1    ##.....
 Magic Dart               Conj           #...         97%         1    ##.....
 Pain                     Necr           #...         97%         1    ##.....
 Sandblast                Erth           #.....       97%         1    ##.....
 Shock                    Conj/Air       #...         97%         1    ##.....
 Sting                    Conj/Pois      #...         97%         1    ##.....
 Summon Butterflies       Summ           #.......     97%         1    ##.....
 Summon Small Mammal      Summ           #...         97%         1    ##.....
 Blink                    Tloc           N/A          99%         2    ###....
 Call Imp                 Summ           #.......     99%         2    ###....
 Corpse Rot               Necr           N/A          99%         2    ###....
 Ensorcelled Hibernation  Hex/Ice        #.....       99%         2    ###....
 Passwall                 Tmut/Erth      #.......     99%         2    ###....
 Poisonous Vapours        Pois/Air       #.....       99%         2    ###....
 Searing Ray              Conj           #.....       99%         2    ###....
 Shroud of Golubria       Chrm/Tloc      #.........   99%         2    ###....
 Slow                     Hex            #.......     99%         2    ###....
 Song of Slaying          Chrm           #.......     99%         2    ###....
 Sticks to Snakes         Tmut           #.......     99%         2    ###....
 Sublimation of Blood     Necr           #.........   99%         2    ###....
 Swiftness                Chrm/Air       #.......     99%         2    ###....
 Throw Frost              Conj/Ice       #.....       99%         2    ###....
 Call Canine Familiar     Summ           #.......     100%        3    ####...
 Confuse                  Hex            #.......     100%        3    ####...
 Conjure Flame            Conj/Fire      #.......     100%        3    ####...
 Dazzling Spray           Conj/Hex       #.....       100%        3    ####...
 Gell's Gravitas          Tloc           #.........   100%        3    ####...
 Ignite Poison            Fire/Tmut/Pois #.......     100%        3    ####...
 Inner Flame              Hex/Fire       #.......     100%        3    ####...
 Lesser Beckoning         Tloc           #.........   100%        3    ####...
 Mephitic Cloud           Conj/Pois/Air  #.......     100%        3    ####...
 Ozocubu's Armour         Chrm/Ice       #.......     100%        3    ####...
 Portal Projectile        Hex/Tloc       #.....       100%        3    ####...
 Recall                   Summ/Tloc      N/A          100%        3    ####...
 Spectral Weapon          Hex/Chrm       #.......     100%        3    ####...
 Spider Form              Tmut/Pois      #.........   100%        3    ####...
 Static Discharge         Conj/Air       #.......     100%        3    ####...
 Stone Arrow              Conj/Erth      #.....       100%        3    ####...
 Summon Guardian Golem    Hex/Summ       #.......     100%        3    ####...
 Tukima's Dance           Hex            #.......     100%        3    ####...
 Cause Fear               Hex            #.........   100%        4    #####..
 Force Lance              Conj/Tloc      #.......     100%        4    #####..
 Fulminant Prism          Conj/Hex       #.........   100%        4    #####..
 Ice Form                 Ice/Tmut       #.......     100%        4    #####..
 Iskenderun's Mystic Bla  Conj           #.......     100%        4    #####..
 Leda's Liquefaction      Hex/Erth       #.........   100%        4    #####..
 Olgreb's Toxic Radiance  Pois           #.......     100%        4    #####..
 Passage of Golubria      Tloc           N/A          100%        4    #####..
 Petrify                  Tmut/Erth      #.......     100%        4    #####..
 Summon Ice Beast         Ice/Summ       #.......     100%        4    #####..
 Summon Lightning Spire   Summ/Air       #.......     100%        4    #####..
 Throw Icicle             Conj/Ice       #.......     100%        4    #####..
 Alistair's Intoxication  Tmut/Pois      #.......     100%        5    ######.
 Aura of Abjuration       Summ           #.........   100%        5    ######.
 Blade Hands              Tmut           #.........   100%        5    ######.
 Bolt of Magma            Conj/Fire/Erth #.........   100%        5    ######.
 Borgnjor's Vile Clutch   Necr/Erth      #.........   100%        5    ######.
 Dispel Undead            Necr           #.......     100%        5    ######.
 Excruciating Wounds      Chrm/Necr      #.........   100%        5    ######.
 Irradiate                Conj/Tmut      #.........   100%        5    ######.
 Iskenderun's Battlesphe  Conj/Chrm      #.......     100%        5    ######.
 Lee's Rapid Deconstruct  Erth           #.........   100%        5    ######.
 Lightning Bolt           Conj/Air       #.........   100%        5    ######.
 Metabolic Englaciation   Hex/Ice        #.........   100%        5    ######.
 Silence                  Hex/Air        #.........   100%        5    ######.
 Summon Demon             Summ           #.........   100%        5    ######.
 Summon Forest            Summ/Tloc      #.........   100%        5    ######.
 Summon Mana Viper        Hex/Summ       #.......     100%        5    ######.
 Venom Bolt               Conj/Pois      #.........   100%        5    ######.
 Bolt of Cold             Conj/Ice       #.........   100%        6    #######
 Darkness                 Hex            #.........   100%        6    #######
 Dispersal                Tloc           #.........   100%        6    #######
 Freezing Cloud           Conj/Ice/Air   #.........   100%        6    #######
 Hydra Form               Tmut           #.........   100%        6    #######
 Invisibility             Hex            #.......     100%        6    #######
 Iron Shot                Conj/Erth      #.........   100%        6    #######
 Ozocubu's Refrigeration  Ice            #.........   100%        6    #######
 Shadow Creatures         Summ           N/A          100%        6    #######
 Simulacrum               Ice/Necr       #.........   100%        6    #######
 Statue Form              Tmut/Erth      #........    100%        6    #######
 Dragon Form              Tmut           #.........   100%        7    #######
 Haunt                    Necr/Summ      #.........   100%        7    #######
 Orb of Destruction       Conj           #.........   100%        7    #######
 Ring of Flames           Chrm/Fire      #.........   100%        7    #######
 Spellforged Servitor     Conj/Summ      #.........   100%        7    #######
 Summon Hydra             Summ           #.........   100%        7    #######
 Borgnjor's Revivificati  Necr           #.........   100%        8    #######
 Controlled Blink         Tloc           N/A          100%        8    #######
 Death's Door             Chrm/Necr      #.........   100%        8    #######
 Disjunction              Tloc           #.........   100%        8    #######
 Ignition                 Fire           #.........   100%        8    #######
 Infestation              Necr           #.........   100%        8    #######
 Necromutation            Tmut/Necr      #.........   100%        8    #######
 Dragon's Call            Summ           #.........   100%        9    #######
 Shatter                  Erth           #.........   100%        9    #######
 Tornado                  Air            #.........   100%        9    #######
 Regeneration             Chrm/Necr      Unusable     N/A         3    N/A

Dungeon Overview and Level Annotations

Branches:
Dungeon (15/15)            Temple (1/1) D:6            Lair (6/6) D:9
 Shoals (4/4) Lair:2        Snake (4/4) Lair:2        Slime (5/5) Lair:6
    Orc (2/2) D:12            Elf (3/3) Orc:2        Vaults (5/5) D:13
  Crypt (0/3) Vaults:2     Depths (5/5) D:15           Hell (1/1)
    Dis (7/7) Hell            Geh (7/7) Hell            Coc (7/7) Hell
    Tar (7/7) Hell            Zot (0/5) Depths:5

Altars:
Ashenzari
Elyvilon
Fedhas
Kikubaaqudgha
Makhleb
Okawaru
Ru
Sif Muna
Trog
Uskayaw
Xom
Yredelemnul
The Shining One
Beogh
Jiyva

Shops:
D:8 (   D:14 (   Orc:2 (:!=   Elf:2 :*   Snake:4 }   Vaults:1 [   Vaults:3 ?**

Portals:
Hell: Depths:1 Depths:2 Depths:3 Depths:4 Depths:5
Abyss: Depths:4 Depths:5
Pandemonium: Depths:2
Ziggurat: Depths:5

Annotations:
D:2 exclusion: oklob plant
Lair:3 2 transporters
Orc:1 1 runed translucent door, 1994's ghost, journeyman FoFi
Elf:1 exclusion: Roxanne, Roxanne
Depths:3 exclusion: 2 ice statues
Coc:7 exclusion: ice statue
Pan Mnoleg


Innate Abilities, Weirdness & Mutations

You are resistant to damage.
You can heal yourself by infusing magical energy.
You resist negative energy. (rN+)
You passively map a large area around you.
You do not regenerate.
You are partially covered in iridescent scales. (AC +2)
You are partially covered in rugged brown scales. (AC +1, +3% HP)
You are very clumsy. (Dex -4)
You are very dopey. (Int -4)
You are frail. (-10% HP)
Your magical capacity is very low. (-20% MP)
You are occasionally teleported next to monsters.
You evolve.
Your movements are slightly less encumbered by armour. (ER -2)


Message History

You slash the large abomination! You freeze the large abomination.
You hit the large abomination but do no damage.
You slice the tentacled monstrosity!! You freeze the tentacled monstrosity!
You slice the green very ugly thing!! You freeze the green very ugly thing!
You closely miss the brown very ugly thing.
You slice Mnoleg!! You freeze Mnoleg!
You hear a horrible gurgling sound!
The brown very ugly thing barely misses you.
The cyan ugly thing basks in the mutagenic energy from its kin and changes!
The tentacled monstrosity tentacle-slaps you!
* * * LOW HITPOINT WARNING * * *
The tentacled monstrosity tentacle-slaps you but does no damage. x2
Mnoleg is engulfed in freezing vapours.
Mnoleg claws you but does no damage. Mnoleg tentacle-slaps you!
* * * LOW HITPOINT WARNING * * *
You feel clumsy. Mnoleg gores you but does no damage.
Mnoleg kicks you but does no damage.
The green very ugly thing gores you but does no damage.
The large abomination hits you!
You die...

#......2#.....+,****,,,**,
#.......#######**,***,,*,*
###....##.#,..**,,,,,,,**,
###'#...+..****,,,,,,*,,
###(....#.#*,****,,,**,,
#.......#.*,,,* *,,,*,,,
###.....2##*,,****,,*,,,
#.###.XXX.##,,.u**,,*,,,
#....3X@uuX#3..,,,,,,,,,
#....5uu&uXu3X.,,,,,,,,,
#.w..G5u5XX3..#***,,**,,
#.│...55..#####,,,,,*,,,
#..\.....##,*,,,,,,,,,,,
**#...*....#,*,,,,,,,,,,,,
*,###......#*,*,,,,,,,,,,,
*,,,###.....#****,,,,,*,,,
*,,,,,#'#.....,,****,,**,,


You could see Mnoleg, 2 tentacled monstrosities, an eldritch tentacle, 5 very
ugly things, a cacodemon, 2 ugly things, 7 large abominations, 3 neqoxecs, a
floating eye, 2 iron imps, a quasit, a white imp and a shadow imp.

Vanquished Creatures
  Antaeus (Coc:7)
  Asmodeus (Geh:7)
  the Royal Jelly (Slime:5)
  Gloorx Vloq (Pan)
  Ereshkigal (Tar:7)
  Dispater (Dis:7)
  3 ancient liches
  Mennas (Vaults:2)
  3 juggernauts
  Sojobo (Vaults:2)
  Saint Roka (Orc:2)
  Margery (Depths:5)
  Xtahua (Depths:4)
  Vashnia (Snake:4)
  Geryon (Hell)
  2 caustic shrikes
  4 golden dragons
  A profane servitor (Abyss:5)
  Nikola (Depths:2)
  13 bone dragons
  9 liches
  5 doom hounds
  11 Brimstone Fiends
  18 Tzitzimimeh
  5 iron giants (Dis:7)
  Rupert (Orc:2)
  11 Hell Sentinels (Dis:7)
  A hellephant (Abyss:1)
  10 Ice Fiends
  3 pandemonium lords (Pan)
  9 tentacled monstrosities
  4 titans
  A deep elf master archer (Elf:3)
  2 deep elf blademasters
  8 acid blobs
  16 Executioners (Pan)
  2 quicksilver dragons
  8 tentacled starspawn
  An eldritch tentacle (Dis:7)
  6 sphinxes
  Frances (D:12)
  A kraken (Shoals:1)
  Murray (Depths:1)
  Donald (Vaults:1)
  12 shadow dragons
  8 ancient champions
  5 storm dragons
  6 tengu reavers
  Agnes (Snake:1)
  A revenant (Vaults:2)
  13 nagarajas
  9 azure jellies (Slime:5)
  7 daevas
  A draconian monk (Depths:1)
  15 frost giants
  10 deep elf sorcerers
  2 draconian knights
  12 iron dragons
  17 fire giants
  6 cacodemons
  A draconian scorcher (Depths:1)
  2 curse skulls (Pan)
  12 vault wardens
  13 balrugs
  Aizul (Vaults:1)
  9 deep elf elementalists
  A draconian annihilator (Depths:1)
  7 angels
  36 very ugly things
  11 war gargoyles
  A draconian stormcaller (Depths:1)
  4 spriggan defenders
  4 elemental wellsprings
  17 ironheart preservers
  43 reapers
  19 stone giants
  6 vampire knights
  6 apis (Pan)
  A blood saint (Pan)
  6 ophanim
  Azrael (D:12)
  A purple draconian (Depths:5)
  A green draconian (Depths:5)
  8 deep elf annihilators
  2 black suns (Pan)
  3 spark wasps
  3 yellow draconians (Depths:5)
  10 lorocyprocas
  A minotaur (Gauntlet)
  9 deep elf demonologists
  2 white draconians (Depths:5)
  11 ettins
  7 death oozes (Slime:5)
  10 merfolk impalers
  6 merfolk javelineers
  4 quicksilver dragon zombies
  22 yaktaur captains
  2 jiangshi (Tar:7)
  10 deep elf death magi
  3 green deaths (Pan)
  14 blizzard demons
  14 fire dragons
  14 great orbs of eyes
  4 deep elf high priests
  36 vault guards
  4 quicksilver dragon skeletons
  5 hydras
  2 monstrous demonspawn (Pan)
  11 rakshasas
  3 spriggan air magi (Depths:3)
  7 centaur warriors
  A catoblepas (Lair:5)
  18 naga warriors
  16 anacondas
  31 ice dragons
  A ghost crab (Tar:7)
  A merfolk avatar (Shoals:4)
  13 ogre magi
  2 hell beasts
  4 merfolk aquamancers (Shoals:4)
  26 dancing weapons
  2 death scarabs (Gauntlet)
  5 titan zombies
  An alligator snapping turtle (Shoals:4)
  36 two-headed ogres
  13 deep troll shamans
  7 tengu warriors
  15 deep troll earth magi
  3 vampire magi
  7 spriggan berserkers
  41 hell hogs
  20 soul eaters
  17 thrashing horrors
  5 shock serpents
  3 orc high priests
  17 deep elf knights
  5 titan skeletons
  9 naga sharpshooters
  21 sun demons
  4 sixfirhies (Pan)
  A shock serpent (shapeshifter) (Vaults:5)
  4 storm dragon zombies
  2 salamander mystics
  7 iron golems (Dis:7)
  14 iron trolls
  110 skeletal warriors
  61 hell knights
  A spark wasp zombie (Depths:1)
  5 wretched stars
  A ghost moth zombie (Dis:7)
  2 cherubim (Abyss:5)
  A fire crab (Abyss:4)
  12 shadow wraiths
  6 storm dragon skeletons
  2 spatial maelstroms (Abyss:5)
  13 flayed ghosts
  10 sea snakes
  9 unseen horrors
  A death drake (Tar:4)
  39 deep trolls
  3 golden dragon zombies
  A kraken simulacrum (Shoals:4)
  2 infernal demonspawn
  2 unseen horrors (shapeshifter) (Vaults:3)
  10 anaconda zombies
  A swamp dragon (Pan)
  17 shadow demons
  4 gelid demonspawn
  A deep troll (shapeshifter) (Depths:4)
  5 wizards
  11 deep elf archers
  8 naga ritualists
  12 phantasmal warriors
  4 shadow dragon zombies
  7 glowing orange brains
  3 torturous demonspawn (Pan)
  3 golden dragon skeletons
  19 necromancers
  4 lindwurms
  9 orc knights
  7 wolf spider zombies
  3 iron dragon zombies
  9 mana vipers
  5 anaconda skeletons
  13 ironbrand convokers
  A statue (D:12)
  8 fire giant zombies
  An orb spider (shapeshifter) (Vaults:1)
  8 frost giant zombies
  33 large abominations
  9 harpies (Shoals:4)
  A wolf spider (Vaults:5)
  2 orb spiders (Abyss:5)
  3 shadow dragon skeletons
  13 orc sorcerers
  64 deep elf magi
  4 stone giant zombies
  2 harpies (shapeshifter)
  13 manticores
  32 ugly things
  3 cyclopes
  17 salamanders
  3 shining eyes
  5 fauns
  2 fire giant skeletons
  2 iron dragon skeletons
  17 elephants
  2 worldbinders (Abyss:2)
  2 shock serpent zombies (Coc:7)
  3 guardian serpents (shapeshifter)
  4 stone giant skeletons
  42 black mambas
  Maurice (D:12)
  11 merfolk sirens
  19 rust devils
  6 frost giant skeletons
  3 gargoyles
  5 torpor snails (Lair:6)
  An eye of devastation (Slime:5)
  14 vault sentinels
  2 ice statues
  21 smoke demons
  16 naga magi
  9 orange demons
  4 dire elephant zombies
  6 water nymphs
  2 shock serpent skeletons
  7 dire elephant skeletons
  15 guardian serpents
  14 molten gargoyles
  2 torpor snails (shapeshifter)
  An eye of devastation (shapeshifter) (Depths:4)
  14 spiny frogs
  48 yaktaurs
  2 catoblepas zombies
  5 rime drakes
  41 freezing wraiths
  37 ice devils
  5 centaur skeletons
  16 efreet
  30 hellions
  A yaktaur (shapeshifter) (Depths:1)
  9 demonic crawlers
  3 tengu conjurers
  11 komodo dragons
  5 ancient zymes
  5 hellwings (Pan)
  2 komodo dragons (shapeshifter)
  5 trolls
  38 tormentors
  An anaconda simulacrum (Coc:7)
  3 silent spectres
  19 merfolk
  16 hydra zombies
  2 jumping spiders (shapeshifter)
  24 red devils
  A hornet (shapeshifter) (D:14)
  16 polar bears
  7 wind drakes
  13 hornets
  A shadow dragon simulacrum (Hell)
  A white draconian skeleton (Geh:7)
  46 slime creatures
  Grinder (D:6)
  2 harpy skeletons
  3 tyrant leeches (Lair:6)
  6 bog bodies (Coc:7)
  7 dream sheep (Lair:1)
  A raiju (shapeshifter) (Vaults:4)
  A blink frog (shapeshifter) (Vaults:3)
  26 raiju
  A spectral dream sheep (Gauntlet)
  8 ettin zombies
  10 snapping turtles
  A fire giant simulacrum (Tar:7)
  A frost giant simulacrum (Vaults:2)
  A stone giant simulacrum (Coc:1)
  A deep troll zombie (Depths:1)
  9 alligator zombies
  25 blink frogs
  3 fire dragon zombies
  A dream sheep (shapeshifter) (Depths:4)
  6 hippogriffs
  A spectral black mamba (Gauntlet)
  11 hydra skeletons
  4 ice dragon zombies
  A hippogriff (shapeshifter) (Elf:1)
  80 flying skulls
  Sigmund (D:2)
  32 shadows
  16 water elementals
  4 black mamba zombies
  10 fire dragon skeletons
  10 ynoxinuls
  3 alligator skeletons
  5 ettin skeletons
  3 spriggans
  A spriggan (shapeshifter) (Vaults:3)
  56 starcursed masses
  An air elemental (D:13)
  A tarantella (shapeshifter) (Depths:2)
  4 wyverns
  3 ice dragon skeletons
  7 vampires
  4 fire bats (Geh:3)
  2 humans (D:13)
  52 yaks
  A hog (shapeshifter) (Depths:4)
  5 basilisks
  30 fire elementals
  A spriggan simulacrum (Depths:4)
  A basilisk (shapeshifter) (Vaults:4)
  8 hungry ghosts
  32 wraiths
  A steam dragon (D:13)
  A death yak simulacrum (IceCv)
  Edmund (D:4)
  7 chaos spawn
  8 neqoxecs
  18 wargs
  An insubstantial wisp (Abyss:1)
  53 nagas
  8 vampire mosquitoes
  A yaktaur simulacrum (Vaults:3)
  3 spatial vortices
  4 acid dragons
  A two-headed ogre zombie (WizLab)
  An acid dragon (shapeshifter) (Vaults:5)
  A hydra simulacrum (Coc:6)
  18 small abominations
  7 water moccasins
  11 spiny frog zombies
  A water moccasin (shapeshifter) (Vaults:1)
  3 floating eyes (shapeshifter)
  11 porcupines
  115 hell hounds
  2 manticore zombies (Coc:5)
  27 orc warriors
  A torturous demonspawn skeleton (Geh:7)
  6 sky beasts
  A swamp dragon zombie (Tar:3)
  5 eyes of draining
  An ice beast (shapeshifter) (Vaults:4)
  16 black bears
  An eye of draining (shapeshifter) (Depths:5)
  33 ice beasts
  An alligator simulacrum (Coc:1)
  6 swamp drakes (Depths:1)
  7 phantoms
  2 snapping turtle zombies
  2 spiny frog skeletons
  28 ogres
  19 necrophages
  17 wolves
  4 snapping turtle skeletons
  13 boggarts
  A centaur (shapeshifter) (Vaults:5)
  11 centaurs
  16 crocodiles
  4 big kobolds
  An elf zombie (Geh:7)
  14 bullfrogs
  A wyvern zombie (D:14)
  2 earth elementals
  A wyvern skeleton (D:13)
  4 scorpions
  A spriggan zombie (Dis:2)
  7 troll zombies (WizLab)
  7 killer bees
  5 spriggan skeletons
  2 swamp dragon simulacra (IceCv)
  3 electric eels
  A howler monkey (D:14)
  A troll skeleton (D:14)
  67 wights
  13 crimson imps
  5 draconian simulacra (IceCv)
  5 centaur zombies
  3 human zombies
  A lava snake (Lair:6)
  9 jellies
  5 hounds
  A quasit (D:11)
  2 bullfrog zombies
  11 orc priests
  3 bullfrog skeletons
  29 iron imps
  49 orc wizards
  4 human skeletons
  12 iguanas
  8 worker ants
  3 troll simulacra (IceCv)
  A wolf simulacrum (IceCv)
  A killer bee zombie (D:6)
  A naga zombie (Geh:1)
  5 ogre zombies (WizLab)
  3 centaur simulacra
  A naga skeleton (Geh:5)
  A hound skeleton (D:6)
  4 mummies
  2 worker ant zombies
  4 gnolls (D:9)
  12 adders
  5 ogre simulacra (IceCv)
  6 naga simulacra (IceCv)
  14 shadow imps
  23 white imps
  An ooze (shapeshifter) (Vaults:5)
  An adder skeleton (D:4)
  A worm (D:2)
  2 dart slugs
  3 leopard geckos
  109 orcs
  7 giant cockroaches
  7 goblins
  8 hobgoblins
  A hobgoblin (shapeshifter) (Elf:1)
  21 jackals
  15 kobolds
  8 quokkas
  4 ball pythons
  10 bats
  9 frilled lizards
  2 giant cockroach zombies (D:1)
  A jackal zombie (D:5)
  A leopard gecko skeleton (D:6)
  An orc zombie (Dis:7)
  A quokka skeleton (D:5)
  9 rats
  A spectral orc (D:2)
  A bush (D:12)
  2 crawling corpses
  8 fire vortices (Pan)
  2 fungi
  3 lurking horrors
  24 plants
  8 starspawn tentacles (Abyss:5)
  2 tentacles (Shoals:1)
4059 creatures vanquished.

Vanquished Creatures (collateral kills)
  An Ice Fiend (Coc:7)
  An ice dragon (Coc:7)
  An iron dragon zombie (Dis:7)
  An orange demon (Pan)
  An ice devil (Coc:7)
  An alligator simulacrum (Hell)
6 creatures vanquished.

Vanquished Creatures (others)
  A fire giant (Depths:2)
  An elemental wellspring (Coc:7)
  A merfolk javelineer (Shoals:4)
  A blizzard demon (Coc:7)
  An ice dragon (Coc:7)
  A monstrous demonspawn (Pan)
  A centaur warrior (Shoals:1)
  A dancing weapon (Elf:2)
  A thrashing horror (Abyss:5)
  3 hell hogs
  A naga sharpshooter (Snake:4)
  2 deep elf knights (Elf:2)
  A torturous demonspawn (Pan)
  2 deep elf archers (Elf:3)
  A statue (D:12)
  2 cyclopes
  2 bog bodies (Coc:7)
  A raiju (Abyss:5)
  2 flying skulls
  A wraith (Abyss:5)
  A water elemental (Shoals:1)
  A large abomination (Abyss:5)
  A neqoxec (Pan)
  A naga (Abyss:5)
  2 hell hounds
  An eye of draining (D:14)
  13 centaurs
  A crocodile (Lair:6)
  An earth elemental (D:13)
  A spiny frog simulacrum (Hell)
  A wight (Geh:5)
  An orc wizard (Orc:2)
  An iron imp (Dis:7)
  A shadow imp (Tar:2)
  2 orcs
  3 demonic plants (Gauntlet)
  7 fungi
  A lurking horror (Abyss:1)
  37 plants
  18 starspawn tentacles
  23 tentacles
  11 toadstools (D:2)
156 creatures vanquished.

Grand Total: 4221 creatures vanquished

Notes
Turn   | Place    | Note
-------+----------+-------------------------------------------
     0 | D:1      | Exodus22XD the Deep Dwarf Fighter began the quest for the
                  | Orb.
     0 | D:1      | Reached XP level 1. HP: 20/20 MP: 1/1
   326 | D:1      | Reached XP level 2. HP: 22/27 MP: 2/2
   501 | D:1      | Reached XP level 3. HP: 22/34 MP: 3/3
  1018 | D:2      | Found a blossoming altar of Fedhas.
  1030 | D:2      | Noticed an oklob plant
  1120 | D:2      | Found a basalt altar of Yredelemnul.
  1530 | D:2      | Noticed Sigmund
  1546 | D:2      | Killed Sigmund
  1546 | D:2      | Reached XP level 4. HP: 32/42 MP: 4/4
  1546 | D:2      | Reached XP level 5. HP: 38/49 MP: 5/5
  1784 | D:3      | Reached skill level 1 in Dodging
  1784 | D:3      | Reached XP level 6. HP: 41/56 MP: 6/6
  2327 | D:4      | Reached skill level 5 in Axes
  2430 | D:4      | Reached skill level 5 in Shields
  2430 | D:4      | Reached XP level 7. HP: 42/63 MP: 7/7
  2468 | D:4      | Identified a +2 pair of boots of running (You found it on
                  | level 4 of the Dungeon)
  2480 | D:4      | Noticed Edmund
  2510 | D:4      | Killed Edmund
  2823 | D:5      | Entered Level 5 of the Dungeon
  3109 | D:5      | Reached skill level 5 in Armour
  3674 | D:6      | Reached XP level 8. HP: 44/72 MP: 8/8
  3693 | D:6      | Found a staircase to the Ecumenical Temple.
  3702 | Temple   | Entered the Ecumenical Temple
  3709 | Temple   | Became a worshipper of Makhleb the Destroyer
  4317 | D:6      | Noticed Grinder
  4335 | D:6      | Killed Grinder
  5181 | D:8      | Reached skill level 5 in Fighting
  5203 | D:8      | Gained mutation: You passively map the area around you.
                  | [Deep Dwarf growth]
  5203 | D:8      | Reached XP level 9. HP: 42/81 MP: 8/8
  5213 | D:8      | Reached * piety under Makhleb
  5479 | D:8      | Found Voajuwn's Antique Weapon Shoppe.
  5518 | D:8      | Got a crude war axe
  5519 | D:8      | Identified the +8 war axe of Tiveagis {chop, Str+4} (You
                  | found it on level 8 of the Dungeon)
  5920 | D:9      | Found a sacrificial altar of Ru.
  6218 | D:9      | Found a staircase to the Lair.
  6256 | D:9      | Reached skill level 10 in Axes
  6755 | Lair:1   | Entered Level 1 of the Lair of Beasts
  6829 | Lair:1   | Reached XP level 10. HP: 83/90 MP: 8/8
  6869 | Lair:1   | Reached ** piety under Makhleb
  6888 | Lair:1   | Found a blossoming altar of Fedhas.
  7355 | Lair:2   | Noticed a black mamba
  7367 | Lair:2   | Killed a black mamba
  7367 | Lair:2   | Reached XP level 11. HP: 74/99 MP: 9/9
  7465 | Lair:2   | Reached *** piety under Makhleb
  7613 | Lair:2   | Found a staircase to the Snake Pit.
  7724 | Lair:2   | Found a staircase to the Shoals.
  7923 | Lair:2   | Noticed a lindwurm
  7923 | Lair:2   | Noticed a lindwurm
  8038 | Lair:3   | Found a transporter.
  8132 | Lair:3   | Found a transporter.
  8134 | Lair:3   | Noticed a swamp dragon
  8134 | Lair:3   | Noticed a swamp dragon
  8135 | Lair:3   | Noticed a swamp dragon
  8355 | Lair:3   | Reached skill level 10 in Shields
  8423 | Lair:3   | Reached XP level 12. HP: 96/109 MP: 10/10
  8476 | Lair:3   | Reached **** piety under Makhleb
  8979 | Lair:4   | Reached skill level 10 in Armour
  8981 | Lair:4   | Reached skill level 15 in Axes
  9400 | Lair:5   | Noticed a catoblepas
  9425 | Lair:5   | Killed a catoblepas
  9686 | Lair:5   | Reached XP level 13. HP: 113/120 MP: 11/11
  9987 | Lair:6   | Entered Level 6 of the Lair of Beasts
  9987 | Lair:6   | Found a gate leading to a gauntlet.
 10021 | Lair:6   | Reached ***** piety under Makhleb
 10030 | Gauntlet | Entered a Gauntlet
 10030 | Gauntlet | Found a transporter.
 10030 | Gauntlet | Found a transporter.
 10034 | Gauntlet | Found a transporter.
 10034 | Gauntlet | Found a transporter.
 10050 | Gauntlet | Found a transporter.
 10054 | Gauntlet | Found a transporter.
 10055 | Gauntlet | Found a transporter.
 10057 | Gauntlet | Found a transporter.
 10084 | Gauntlet | Found a transporter.
 10091 | Gauntlet | Found a transporter.
 10109 | Gauntlet | Found a transporter.
 10131 | Gauntlet | Found a transporter.
 10176 | Gauntlet | Found a transporter.
 10190 | Gauntlet | Found a transporter.
 10291 | Gauntlet | Found a transporter.
 10312 | Gauntlet | Found a transporter.
 10527 | Gauntlet | Reached skill level 1 in Maces & Flails
 10547 | Gauntlet | Got a scorched great sword
 10703 | Gauntlet | Identified the +6 chain mail of Elyvilon's Envy {rC++}
 10703 | Gauntlet | Noticed a minotaur
 10712 | Gauntlet | Killed a minotaur
 10823 | Lair:6   | Found a runed translucent door.
 10824 | Lair:6   | Noticed a fire dragon
 10851 | Lair:6   | Killed a fire dragon
 10851 | Lair:6   | Reached skill level 1 in Invocations
 10851 | Lair:6   | Reached skill level 1 in Evocations
 10923 | Lair:6   | Paralysed by a hornet for 3 turns
 10928 | Lair:6   | Paralysed by a hornet for 1 turns
 10935 | Lair:6   | Paralysed by a hornet for 3 turns
 11396 | Lair:6   | Gained mutation: You resist negative energy. (rN+) [Deep
                  | Dwarf growth]
 11396 | Lair:6   | Reached XP level 14. HP: 129/129 MP: 15/15
 11401 | Lair:6   | Reached skill level 5 in Invocations
 11401 | Lair:6   | Reached skill level 5 in Evocations
 11648 | Lair:6   | Found a staircase to the Slime Pits.
 12146 | Lair:6   | Reached ****** piety under Makhleb
 12469 | D:10     | Entered Level 10 of the Dungeon
 13636 | D:12     | Found a staircase to the Orcish Mines.
 13644 | D:12     | Noticed Azrael
 13684 | D:12     | Killed Azrael
 13735 | D:12     | Found a frozen archway.
 13758 | IceCv    | Entered an ice cave
 13986 | IceCv    | Found an ancient bone altar of Kikubaaqudgha.
 14468 | D:12     | Reached XP level 15. HP: 135/135 MP: 19/19
 14511 | D:12     | Noticed Frances
 14521 | D:12     | Killed Frances
 14617 | D:12     | Noticed Maurice
 14622 | D:12     | Killed Maurice
 14776 | D:12     | Reached skill level 15 in Shields
 15048 | D:13     | Identified the +8 rapier "Xiej" {drain, rElec MR+ Stlth-}
 15466 | D:13     | Found a gate to the Vaults.
 15525 | D:13     | Found a large runed translucent door.
 15526 | D:13     | Found a large runed translucent door.
 15879 | D:14     | Reached XP level 16. HP: 144/144 MP: 20/20
 15889 | D:14     | Found Xikk's Weapon Emporium.
 16528 | D:15     | Entered Level 15 of the Dungeon
 16700 | D:15     | Reached skill level 10 in Evocations
 16703 | D:15     | Reached skill level 10 in Invocations
 16727 | D:15     | Found a staircase to the Depths.
 17370 | Orc:1    | Entered Level 1 of the Orcish Mines
 17462 | Orc:1    | Found a roughly hewn altar of Beogh.
 17518 | Orc:1    | Found a runed translucent door.
 17527 | Orc:1    | Noticed 1994's ghost (journeyman FoFi)
 17666 | Orc:2    | Entered Level 2 of the Orcish Mines
 17666 | Orc:2    | Found a staircase to the Elven Halls.
 17666 | Orc:2    | Noticed Saint Roka
 17782 | Orc:2    | Killed Saint Roka
 17782 | Orc:2    | Reached XP level 17. HP: 84/151 MP: 23/23
 17940 | Orc:2    | Found a roughly hewn altar of Beogh.
 18017 | Orc:2    | Found Qappoast's Book Shoppe.
 18027 | Orc:2    | Found Obuimaw's Weapon Shop.
 18081 | Orc:2    | Found a roughly hewn altar of Beogh.
 18170 | Orc:2    | Noticed Rupert
 18187 | Orc:2    | Killed Rupert
 18329 | Orc:2    | Found Eluhakho's Jewellery Shoppe.
 18351 | Orc:2    | Found Wummoe's Distillery.
 18363 | Orc:2    | Bought a potion of berserk rage for 60 gold pieces
 18363 | Orc:2    | Bought a potion of berserk rage for 60 gold pieces
 18363 | Orc:2    | Bought a potion of curing for 36 gold pieces
 18604 | Elf:1    | Entered Level 1 of the Elven Halls
 18866 | Elf:1    | Found a magical portal.
 18871 | WizLab   | Entered Zonguldrok's Shrine
 19197 | WizLab   | Noticed an antique lich
 19199 | WizLab   | Found the +9 sword of Zonguldrok {reap}
 19218 | WizLab   | Killed an antique lich
 19259 | WizLab   | Identified Sif Muna's Almanac of the Shifting Arsonist
 19535 | Elf:1    | Identified Roxanne's Collected Works on Stones
 19535 | Elf:1    | Noticed Roxanne
 19701 | Elf:2    | Reached skill level 15 in Invocations
 19792 | Elf:2    | Found Hulies's Humungous Hoard.
 19799 | Elf:2    | Bought a potion of heal wounds for 90 gold pieces
 19888 | Elf:2    | Found a runed translucent gate.
 19888 | Elf:2    | Found a runed translucent gate.
 19892 | Elf:2    | Found a runed translucent gate.
 19935 | Elf:2    | Found Pulug's Book Emporium.
 20092 | Elf:2    | Reached skill level 15 in Evocations
 20115 | Elf:2    | Gained mutation: You passively map a large area around you.
                  | [Deep Dwarf growth]
 20115 | Elf:2    | Reached XP level 18. HP: 124/158 MP: 27/27
 20433 | Elf:3    | Entered Level 3 of the Elven Halls
 20848 | Elf:3    | Noticed a Tzitzimitl
 20872 | Elf:3    | Identified the +5 trident of Heigg {speed, Dex+4}
 21119 | Elf:3    | Identified the +4 great sword "Suadwamn" {freeze, rPois
                  | Str+2}
 21188 | Elf:3    | Identified the +4 battleaxe of Oenomania {chop, *Corrode
                  | rPois rN+++ Stlth+}
 21268 | Elf:3    | Identified the cursed +0 robe "Suplyad" {rPois MR+ Regen+
                  | Dex-4}
 21294 | Elf:3    | Identified the +9 quarterstaff of the Lair of Beasts
                  | {drain, Str+2}
 22025 | Elf:3    | Found a deep blue altar of Sif Muna.
 22619 | Shoals:1 | Entered Level 1 of the Shoals
 22772 | Shoals:1 | Got a crude scale mail
 22790 | Shoals:1 | Identified the cursed +1 scale mail of the Everdark
                  | {Regen+} (You found it on level 1 of the Shoals)
 22822 | Shoals:1 | Reached XP level 19. HP: 152/165 MP: 27/27
 23818 | Shoals:3 | Identified the Reference Book on Protection and the Compass
 24107 | Shoals:4 | Entered Level 4 of the Shoals
 24417 | Shoals:4 | Identified the amulet "Dimoesaz" {RegenMP -Tele rPois Dex+6
                  | SInv}
 24576 | Shoals:4 | Got a barnacled rune of Zot
 24995 | Shoals:4 | Identified the Guide on Bewitching Air
 25229 | Snake:1  | Entered Level 1 of the Snake Pit
 25238 | Snake:1  | Found a deep blue altar of Sif Muna.
 25393 | Snake:1  | Noticed Agnes
 25403 | Snake:1  | Killed Agnes
 26870 | Snake:3  | Reached XP level 20. HP: 141/176 MP: 27/27
 27761 | Snake:4  | Entered Level 4 of the Snake Pit
 27898 | Snake:4  | Found Pupyzyrgh's Gadget Shop.
 27906 | Snake:4  | Bought a wand of iceblast (11) for 240 gold pieces
 27906 | Snake:4  | Bought a wand of disintegration (19) for 368 gold pieces
 27906 | Snake:4  | Bought a wand of acid (4) for 256 gold pieces
 28319 | Snake:4  | Got a serpentine rune of Zot
 28392 | Snake:4  | Noticed Vashnia
 28411 | Snake:4  | Killed Vashnia
 29250 | Vaults:1 | Entered Level 1 of the Vaults
 29451 | Vaults:1 | Reached skill level 10 in Fighting
 29640 | Vaults:1 | Reached XP level 21. HP: 183/183 MP: 29/29
 29918 | Vaults:1 | Found Kaniu's Armour Emporium.
 30363 | Vaults:1 | Noticed Aizul
 30375 | Vaults:1 | Killed Aizul
 30456 | Vaults:1 | Noticed Donald
 30475 | Vaults:1 | Killed Donald
 30991 | Vaults:2 | Noticed Mennas
 31025 | Vaults:2 | Killed Mennas
 31304 | Vaults:2 | Found a staircase to the Crypt.
 31527 | Vaults:2 | Noticed Sojobo
 31540 | Vaults:2 | Reached skill level 1 in Stealth
 31567 | Vaults:2 | Killed Sojobo
 31816 | Vaults:3 | Found Famahaj's Assorted Antiques.
 31822 | Vaults:3 | Bought a pair of runed gloves for 322 gold pieces
 31879 | Vaults:3 | Found Ziphen Peito's Assorted Antiques.
 31895 | Vaults:3 | Found Kacin's Magic Scroll Shoppe.
 31903 | Vaults:3 | Bought a scroll of torment for 120 gold pieces
 31903 | Vaults:3 | Bought a scroll of holy word for 120 gold pieces
 31903 | Vaults:3 | Bought a scroll of blinking for 120 gold pieces
 32294 | Vaults:3 | Reached XP level 22. HP: 172/200 MP: 29/29
 33172 | Vaults:4 | Found a flickering gateway to a bazaar.
 33181 | Bazaar   | Entered a bazaar
 33181 | Bazaar   | Found Kahicvea's Weapon Emporium.
 33181 | Bazaar   | Found Waja's Jewellery Shoppe.
 33181 | Bazaar   | Found Feumeyzipy's Gadget Shoppe.
 33181 | Bazaar   | Found Duaps's General Store.
 33205 | Bazaar   | Bought a scroll of silence for 67 gold pieces
 33213 | Bazaar   | Bought a wand of clouds (2) for 288 gold pieces
 33213 | Bazaar   | Bought a wand of iceblast (10) for 224 gold pieces
 33213 | Bazaar   | Bought a wand of iceblast (8) for 192 gold pieces
 33213 | Bazaar   | Bought a wand of acid (6) for 320 gold pieces
 34254 | Vaults:5 | Entered Level 5 of the Vaults
 34344 | Vaults:5 | Reached skill level 15 in Armour
 34521 | Vaults:5 | Got a silver rune of Zot
 34597 | Vaults:5 | Identified Uleut's Tome of Clay
 34704 | Vaults:5 | Reached XP level 23. HP: 211/211 MP: 30/30
 34964 | Vaults:5 | Identified the +12 quarterstaff "Mud Pie of Death" {flame,
                  | +Inv rN+ SInv}
 34964 | Vaults:5 | Identified the +5 chain mail "Juewnetu" {*Corrode rF+ rC+
                  | SInv}
 34982 | Vaults:5 | Identified the +5 longbow of Ambiguity {venom, rC- rN++
                  | Str+3}
 35004 | Vaults:5 | Noticed an ancient lich
 35014 | Vaults:5 | Killed an ancient lich
 35151 | Vaults:5 | Noticed an ancient lich
 35173 | Vaults:5 | Killed an ancient lich
 35908 | Depths:1 | Entered Level 1 of the Depths
 36349 | Depths:1 | Reached skill level 15 in Fighting
 36582 | Depths:1 | Found a gateway to Hell.
 36662 | Depths:1 | Noticed a caustic shrike
 36671 | Depths:1 | Killed a caustic shrike
 36975 | Depths:1 | Got a slimy pewter ring
 37011 | Depths:1 | Identified the Compendium of Destructive Summoning
 37031 | Depths:1 | Got a steaming wooden ring
 37033 | Depths:1 | Identified the ring "Ahuoschoy" {+Blink +Fly rN+ Int-4
                  | Dex+3} (You found it on level 1 of the Depths)
 37035 | Depths:1 | Identified the ring "Didad" {rElec rC- MR+ Stlth-} (You
                  | found it on level 1 of the Depths)
 37041 | Depths:1 | Got a jewelled plate armour
 37052 | Depths:1 | Identified the +1 plate armour of Objectivity {rElec rN++
                  | Int-2 SInv} (You found it on level 1 of the Depths)
 37312 | Depths:2 | Found the +3 Elemental Staff {rElec rF++ rC++ MR++ AC+5}
 37486 | Depths:2 | Reached XP level 24. HP: 224/224 MP: 30/30
 37698 | Depths:2 | Found a one-way gate leading to the halls of Pandemonium.
 37765 | Depths:2 | Noticed Nikola
 37781 | Depths:2 | Killed Nikola
 38622 | Hell     | Entered the Vestibule of Hell
 38625 | Hell     | Noticed Geryon
 38636 | Hell     | Noticed Murray
 38778 | Depths:2 | Identified a scroll of acquirement
 38867 | Depths:3 | Noticed a juggernaut
 38897 | Depths:3 | Killed a juggernaut
 39986 | Depths:4 | Found a one-way gate to the infinite horrors of the Abyss.
 39999 | Depths:4 | Voluntarily entered the Abyss.
 40269 | Abyss:1  | Reached XP level 25. HP: 193/238 MP: 30/30
 40340 | Abyss:1  | Found a corrupted altar of Lugonu.
 41087 | Abyss:5  | Entered Level 5 of the Abyss
 41087 | Abyss:5  | Entered Level 5 of the Abyss
 41226 | Abyss:5  | Paralysed by accursed screaming for 1 turns
 41300 | Abyss:5  | Paralysed by accursed screaming for 1 turns
 41481 | Abyss:5  | Got a crude copper ring
 41533 | Abyss:5  | Paralysed by accursed screaming for 1 turns
 41583 | Abyss:5  | Paralysed by accursed screaming for 1 turns
 41622 | Abyss:5  | Found a corrupted altar of Lugonu.
 41649 | Abyss:5  | Gained mutation: You have sharp toenails. [a neqoxec]
 41654 | Abyss:5  | Paralysed by accursed screaming for 2 turns
 41658 | Abyss:5  | Reached skill level 10 in Dodging
 41660 | Abyss:5  | Paralysed by accursed screaming for 2 turns
 41668 | Abyss:5  | Found a glowing golden altar of the Shining One.
 41679 | Abyss:5  | Noticed a juggernaut
 41692 | Abyss:5  | Killed a juggernaut
 41711 | Abyss:5  | Got an abyssal rune of Zot
 41731 | Depths:4 | Escaped the Abyss
 41735 | Depths:4 | Noticed Xtahua
 41751 | Depths:4 | Killed Xtahua
 41845 | Depths:4 | Identified the ring "Bourirgh" {rC+ Int+3} (You found it on
                  | level 5 of the Abyss)
 42028 | Depths:4 | Reached XP level 26. HP: 252/252 MP: 30/30
 42832 | Depths:5 | Entered Level 5 of the Depths
 43001 | Depths:5 | Found a gateway to a ziggurat.
 43637 | Depths:5 | Noticed Margery
 43666 | Depths:5 | Killed Margery
 43683 | Depths:5 | Killed the ghostly Margery
 43731 | Depths:5 | Found a gate to the Realm of Zot.
 43776 | Depths:5 | Reached skill level 27 in Invocations
 44097 | Depths:4 | Noticed a juggernaut
 44121 | Depths:4 | Killed a juggernaut
 44815 | Slime:1  | Entered Level 1 of the Pits of Slime
 44823 | Slime:1  | Gained mutation: Your magical capacity is low. (-10% MP) [a
                  | shining eye]
 44851 | Slime:3  | Found a viscous altar of Jiyva.
 44865 | Slime:5  | Entered Level 5 of the Pits of Slime
 44920 | Slime:5  | Noticed the Royal Jelly
 44931 | Slime:5  | Reached XP level 27. HP: 260/260 MP: 28/28
 44941 | Slime:5  | Killed the Royal Jelly
 45078 | Slime:5  | Gained mutation: You are dopey. (Int -2) [a shining eye]
 45087 | Slime:5  | Found the +8 frozen axe "Frostbite" {freezing cloud, *Noise
                  | +Fly rC+}
 45121 | Slime:5  | Got a slimy rune of Zot
 45156 | Slime:5  | Got a distressingly furry plate armour
 45167 | Slime:5  | Identified the +1 plate armour "Oxawkima" {rN+ Stlth+} (You
                  | found it on level 5 of the Pits of Slime)
 45267 | Slime:5  | Got a slimy lapis lazuli ring
 45269 | Slime:5  | Identified the ring "Osoly" {+Inv Int+3 Stlth-} (You found
                  | it on level 5 of the Pits of Slime)
 45300 | Slime:5  | Got a steaming crystal plate armour
 45311 | Slime:5  | Identified the +0 crystal plate armour of Awe {rN+ Stlth+}
                  | (You acquired it on level 5 of the Pits of Slime)
 45786 | Depths:1 | Killed Murray
 45825 | Hell     | Killed Geryon
 45871 | Hell     | Found a gateway to the ashen valley of Gehenna.
 45917 | Geh:1    | Entered Level 1 of Gehenna
 46007 | Geh:1    | Found a basalt altar of Yredelemnul.
 46814 | Geh:7    | Entered Level 7 of Gehenna
 48022 | Geh:7    | Identified the +7 sceptre of Asmodeus
 48022 | Geh:7    | Noticed Asmodeus
 48055 | Geh:7    | Killed Asmodeus
 48071 | Geh:7    | Got an obsidian rune of Zot
 48258 | Hell     | Found a gateway to the Iron City of Dis.
 48315 | Hell     | Found a gateway to the freezing wastes of Cocytus.
 48371 | Coc:1    | Entered Level 1 of Cocytus
 49018 | Coc:5    | Reached skill level 15 in Dodging
 49294 | Coc:7    | Entered Level 7 of Cocytus
 49906 | Coc:7    | Noticed Antaeus
 49995 | Coc:7    | Killed Antaeus
 50093 | Coc:7    | Got an icy rune of Zot
 50182 | Coc:7    | Got a steaming tin ring
 50184 | Coc:7    | Identified the cursed ring of Ettaihec {Str+4 Int-3} (You
                  | found it on level 7 of Cocytus)
 50478 | Hell     | Found a gateway to the decaying netherworld of Tartarus.
 50488 | Tar:1    | Entered Level 1 of Tartarus
 51832 | Tar:7    | Entered Level 7 of Tartarus
 52023 | Tar:7    | Noticed Ereshkigal
 52111 | Tar:7    | Killed Ereshkigal
 52128 | Tar:7    | Gained mutation: Your body sometimes deteriorates upon
                  | taking damage. [mutagenic glow]
 52266 | Tar:7    | Got a bone rune of Zot
 52383 | Dis:1    | Entered Level 1 of the Iron City of Dis
 52967 | Dis:3    | Reached skill level 1 in Spellcasting
 53301 | Dis:7    | Entered Level 7 of the Iron City of Dis
 53818 | Dis:7    | Gained mutation: Armour fits poorly on your strangely
                  | shaped body. [a cacodemon]
 53898 | Dis:7    | Identified the ring of Cifon {rC+++ rN+ Str-5 Int-4 SInv}
 53980 | Dis:7    | Identified the Papyrus of the Dark Rocks
 53993 | Dis:7    | Got a faintly humming chain mail
 54004 | Dis:7    | Identified the +3 chain mail of Pessimism {-Cast rF+ rN++
                  | Str+3} (You found it on level 7 of the Iron City of Dis)
 54081 | Dis:7    | Identified the +4 staff of Dispater
 54081 | Dis:7    | Noticed Dispater
 54081 | Dis:7    | Gained mutation: You are clumsy. (Dex -2) [a cacodemon]
 54113 | Dis:7    | Killed Dispater
 54147 | Dis:7    | Got an iron rune of Zot
 54380 | Pan      | Entered Pandemonium
 54607 | Pan      | Noticed Mahega the pandemonium lord
 54634 | Pan      | Killed Mahega the pandemonium lord
 54637 | Pan      | Reached skill level 27 in Axes
 54679 | Pan      | Gained mutation: Your magical capacity is very low. (-20%
                  | MP) [a cacodemon]
 54781 | Pan      | Identified Nyhyrif's Handbook of Sinister Secrets and Snow
 54799 | Pan      | Noticed Fimyll the pandemonium lord
 54815 | Pan      | Gained mutation: Your body often deteriorates upon taking
                  | damage. [a neqoxec]
 54822 | Pan      | Killed Fimyll the pandemonium lord
 54824 | Pan      | Gained mutation: Your magical capacity is extremely low.
                  | (-30% MP) [a cacodemon]
 54829 | Pan      | Gained mutation: Scrolls take you a little longer to read.
                  | [a neqoxec]
 54833 | Pan      | Gained mutation: You occasionally shout uncontrollably at
                  | your foes. [a neqoxec]
 54916 | Pan      | Got a demonic rune of Zot
 54925 | Pan      | Entered the realm of Gloorx Vloq.
 54965 | Pan      | Lost mutation: Armour fits poorly on your strangely shaped
                  | body. [potion of mutation]
 54965 | Pan      | Lost mutation: Your body often deteriorates upon taking
                  | damage. [potion of mutation]
 54965 | Pan      | Lost mutation: You occasionally shout uncontrollably at
                  | your foes. [potion of mutation]
 54965 | Pan      | Gained mutation: Your movements are slightly less
                  | encumbered by armour. (ER -2) [potion of mutation]
 54966 | Pan      | Lost mutation: You have sharp toenails. [potion of
                  | mutation]
 54966 | Pan      | Lost mutation: Scrolls take you a little longer to read.
                  | [potion of mutation]
 54966 | Pan      | Lost mutation: Your magical capacity is extremely low.
                  | (-30% MP) [potion of mutation]
 54966 | Pan      | Gained mutation: You are very dopey. (Int -4) [potion of
                  | mutation]
 54966 | Pan      | Gained mutation: You are frail. (-10% HP) [potion of
                  | mutation]
 54966 | Pan      | Gained mutation: You are weak. (Str -2) [potion of
                  | mutation]
 54966 | Pan      | Gained mutation: You are partially covered in rugged brown
                  | scales. (AC +1, +3% HP) [potion of mutation]
 54997 | Pan      | Lost mutation: Your body sometimes deteriorates upon taking
                  | damage. [potion of mutation]
 54997 | Pan      | Lost mutation: You are weak. (Str -2) [potion of mutation]
 54997 | Pan      | Gained mutation: You are occasionally teleported next to
                  | monsters. [potion of mutation]
 54997 | Pan      | Gained mutation: You evolve. [potion of mutation]
 55376 | Pan      | Noticed Gloorx Vloq
 55596 | Pan      | HP: 11/263 [Gloorx Vloq (10)]
 55600 | Pan      | Killed Gloorx Vloq
 55615 | Pan      | Got a dark rune of Zot
 55876 | Pan      | Noticed Hynos the pandemonium lord
 55902 | Pan      | Killed Hynos the pandemonium lord
 56271 | Pan      | Identified the cursed +0 large shield "Caest" {Regen+ Str-2
                  | Dex+2}
 56282 | Pan      | Gained mutation: You are partially covered in iridescent
                  | scales. (AC +2) [evolution]
 56366 | Pan      | Found an exit through the horrors of the Abyss.
 56387 | Pan      | Got a transparent amethyst amulet
 56401 | Pan      | Identified the amulet of Yremoc Miot {Harm *Drain rC++}
                  | (You acquired it in Pandemonium)
 56467 | Pan      | Entered the realm of Mnoleg.
 56569 | Pan      | Noticed Mnoleg
 56570 | Pan      | Lost intelligence.
 56579 | Pan      | Paralysed by a floating eye for 4 turns
 56590 | Pan      | Upgraded the game from 0.23.2-33-g5129a83184 to
                  | 0.23.2-40-g277498a001
 56590 | Pan      | HP: 10/265 [tentacled monstrosity[Mnoleg] (9)]
 56590 | Pan      | Gained mutation: You are very clumsy. (Dex -4) [Mnoleg's
                  | mutagenic touch]
 56590 | Pan      | Slain by a large abomination

Skill      XL: |  1  2  3  4  5  6  7  8  9 10 11 12 13 14 15 16 17 18 19 20 21 22 23 24 25 26 27 |
---------------+----------------------------------------------------------------------------------+-----
Fighting       | 3 4 5 6 7 8 9 10 12 14 15 16 17 18 24 | 24.0
Axes           | 4 5 7 8 11 12 14 15 16 18 19 20 21 22 27 | 27.0
Armour         | 4 5 6 8 9 10 11 12 13 14 15 16 17 20 | 20.4
Shields        | 4 5 6 7 9 10 12 14 15 16 17 18 19 20 21 22 26 | 26.0
Dodging        | 1 2 3 7 8 9 10 11 19 | 19.9
Maces & Flails | 2 |  2.1
Invocations    | 4 8 9 11 15 18 20 22 27 | 27.0
Evocations     | 4 8 9 11 15 17 19 21 | 21.0
Stealth        | 1 2 |  2.2
Spellcasting   | 2 |  2.6

Action                   |  1- 3 |  4- 6 |  7- 9 | 10-12 | 13-15 | 16-18 | 19-21 | 22-24 | 25-27 || total
-------------------------+-------+-------+-------+-------+-------+-------+-------+-------+-------++-------
Melee: War axe           |   132 |   160 |   462 |   359 |   884 |  1163 |  1820 |  1552 |  4032 || 10564
       Flail             |       |       |       |       |    13 |       |       |       |       ||    13
       Executioner's axe |       |       |       |       |       |       |       |       |  1045 ||  1045
Invok: Major Destruction |       |       |       |       |       |     4 |       |       |       ||     4
       Greater Servant o |       |       |       |       |       |       |       |       |     8 ||     8
 Abil: Heal Wounds       |     1 |     1 |    11 |       |       |    11 |    11 |     5 |    91 ||   131
       Evoke Flight      |       |       |       |       |       |       |       |       |     2 ||     2
Evoke: Wand              |       |       |       |       |    17 |     7 |    11 |       |     4 ||    39
  Use: Scroll            |       |     1 |     9 |     6 |     8 |     5 |     5 |    11 |    22 ||    67
       Potion            |       |       |       |       |     2 |     1 |     2 |     6 |    24 ||    35
 Stab: Confused          |       |       |       |       |       |     1 |       |     3 |       ||     4
       Distracted        |       |       |       |       |       |       |     2 |       |    10 ||    12
       Invisible         |       |       |       |       |       |       |       |       |     2 ||     2
       Paralysed         |       |       |       |       |       |       |       |       |     1 ||     1
  Eat: Chunk             |     2 |     3 |    14 |     9 |    21 |    18 |    17 |    19 |     7 ||   110
       Ration            |       |       |       |       |       |     1 |     4 |     2 |    16 ||    23
Armor: Scale mail        |    71 |    83 |    63 |       |       |       |       |       |       ||   217
       Chain mail        |       |       |    51 |       |   259 |   261 |   538 |   277 |       ||  1386
       Plate armour      |       |       |    89 |   102 |    46 |       |       |       |       ||   237
       Ring mail         |       |       |    13 |       |       |       |       |       |       ||    13
       Gold dragon scale |       |       |       |       |       |       |       |   256 |  3003 ||  3259
Dodge: Dodged            |    50 |    52 |   114 |    52 |   206 |   230 |   525 |   477 |  2855 ||  4561
       Deflected         |       |       |     3 |     4 |     4 |    33 |    75 |    31 |    41 ||   191
Block: Shield            |    70 |    96 |   245 |   214 |   656 |   688 |  1354 |   996 |  4053 ||  8372
       Reflection        |       |       |       |     2 |    42 |   106 |    44 |       |       ||   194
